 Dungeon Crawl Stone Soup version 0.21.1-1-g345015f (webtiles) character file.

9041 inc the Frost Mage (level 11, -5/66 HPs)
             Began as an Octopode Ice Elementalist on June 17, 2018.
             Slain by a crocodile (14 damage)
             ... on level 4 of the Lair of Beasts.
             The game lasted 00:38:46 (16077 turns).

inc the Frost Mage (Octopode Ice Elementalist)     Turns: 16077, Time: 00:38:47

Health: -5/66      AC:  5    Str: 11    XL:     11   Next: 40%
Magic:  9/21       EV: 13    Int: 22    God:    Xom [*.....]
Gold:   642        SH:  0    Dex: 14    Spells: 12/24 levels left

rFire    + . .     SeeInvis +   I - +5 scimitar (flame)
rCold    . . .     Gourm    .   (no shield)
rNeg     . . .     Faith    +   A - +2 hat {SInv}
rPois    .         Spirit   .   o - amulet "Qeofucs" {Faith Str+4}
rElec    .         Reflect  .   B - +2 ring of protection
rCorr    .         Harm     .   (no ring)
MR       .....     Rnd*Tele +   (no ring)
Stlth    ++........             (no ring)
HPRegen  0.21/turn              (no ring)
MPRegen  0.17/turn              (no ring)
                                (no ring)
                                (no ring)

@: contaminated, glowing, drained
A: almost no armour, stealthy swim, amphibious, 8 rings, constrict 8, camouflage
1, agile 1, blurry vision 1, fire resistance 1, frail 1, screaming 1,
teleportitis 1, gelatinous body 1
a: Renounce Religion


You were on level 4 of the Lair of Beasts.
You worshipped Xom.
You were a special plaything of Xom.
You were not hungry.

You visited 3 branches of the dungeon, and saw 17 of its levels.

You collected 642 gold pieces.

Inventory:

Hand Weapons
 d - a +0 short sword
 l - a +1 dagger of venom
 C - the +8 short sword of Ru's Approval {pierce, rC- Dex+4}
   (You found it on level 2 of the Lair of Beasts)

   It inflicts extra damage upon your enemies.
   It affects your dexterity (+4).
   It makes you vulnerable to cold.
 I - a +5 scimitar of flaming (weapon)
Missiles
 r - 5 curare-tipped needles
Armour
 A - a +2 hat of see invisible (worn)
 E - a +1 shield
Jewellery
 m - an uncursed amulet of harm
 o - the amulet "Qeofucs" (around mantle) {Faith Str+4}
   (You found it on level 4 of the Dungeon)

   [amulet of faith]

   It allows you to gain divine favour quickly.
   It affects your strength (+4).
 B - a +2 ring of protection (left tentacle)
 K - an uncursed amulet of guardian spirit
 L - a cursed amulet of inaccuracy
 R - an uncursed amulet of guardian spirit
Wands
 v - a wand of disintegration (17)
 y - a wand of acid (11)
 D - a wand of polymorph (28)
 F - a wand of clouds (7)
 H - a wand of flame (103)
 N - a wand of random effects (29)
 V - a wand of iceblast (10)
Scrolls
 b - 2 scrolls of amnesia
 i - a scroll of immolation
 k - 3 scrolls of identify
 q - a scroll of fog
 t - 2 scrolls of torment
 u - a scroll of teleportation
 x - 6 scrolls of blinking
 U - 3 scrolls of random uselessness
Potions
 e - a potion of agility
 f - 2 potions of curing
 g - 5 potions of might
 h - 2 potions of flight
 j - a potion of brilliance
 n - 2 potions of degeneration
 p - 2 potions of lignification
 s - a potion of ambrosia
 w - 2 potions of mutation
 O - a potion of haste
Books
 a - a book of Frost

   Spells                             Type                      Level
   a - Freeze                         Ice                          1
   b - Throw Frost                    Conjuration/Ice              2
   c - Ozocubu's Armour               Charms/Ice                   3
   d - Throw Icicle                   Conjuration/Ice              4
   e - Summon Ice Beast               Ice/Summoning                4
 G - a book of Flames

   Spells                             Type                      Level
   a - Flame Tongue                   Conjuration/Fire             1
   b - Throw Flame                    Conjuration/Fire             2
   c - Conjure Flame                  Conjuration/Fire             3
   d - Inner Flame                    Hexes/Fire                   3
   e - Sticky Flame                   Conjuration/Fire             4
   f - Fireball                       Conjuration/Fire             5
 P - a book of Transfigurations

   Spells                             Type                      Level
   a - Irradiate                      Conjuration/Transmutation    5
   b - Statue Form                    Transmutation/Earth          6
   c - Hydra Form                     Transmutation                6
   d - Dragon Form                    Transmutation                7
Comestibles
 c - 15 rations


   Skills:
 - Level 6.6(6.1) Fighting
 - Level 2.0(1.5) Dodging
 - Level 2.6(2.2) Stealth
 + Level 7.2(6.7) Spellcasting
 - Level 8.3(7.8) Conjurations
 - Level 4.3(3.8) Charms
 - Level 7.0(6.5) Summonings
 - Level 8.7(8.2) Ice Magic


You had 12 spell levels left.
You knew the following spells:

 Your Spells              Type           Power        Failure   Level  Hunger
a - Freeze                Ice            ####         1%          1    None
b - Ozocubu's Armour      Chrm/Ice       ####....     1%          3    #......
c - Summon Ice Beast      Ice/Summ       #####...     4%          4    ###....
d - Throw Icicle          Conj/Ice       #####...     3%          4    ###....


Dungeon Overview and Level Annotations

Branches:
Dungeon (11/15)            Temple (1/1) D:4            Lair (5/6) D:9
  Slime (0/5) Lair:5          Orc (0/2) D:10
  Swamp: Lair:2-4    Shoals: Lair:2-4     Snake: Lair:2-4    Spider: Lair:2-4

Altars:
Ashenzari
Cheibriados
Dithmenos
Elyvilon
Fedhas
Gozag
Hepliaklqana
Kikubaaqudgha
Makhleb
Nemelex Xobeh
Okawaru
Qazlal
Ru
Sif Muna
Trog
Uskayaw
Vehumet
Wu Jian
Xom
Yredelemnul
Zin
The Shining One
Beogh

Shops:
D:8 *

Annotations:
D:7 1 runed door
Lair:5 salinator123's ghost, journeyman DrFi


Innate Abilities, Weirdness & Mutations

You cannot wear most types of armour.
You are very stealthy in the water. (Stealth+)
You are amphibious.
You can wear up to eight rings at the same time.
You can use your tentacles to constrict eight enemies at once.
Your skin changes colour to match your surroundings (Stealth+).
Your rubbery body absorbs attacks. (AC +1, EV +1)
You are agile. (Dex +2)
Scrolls take you a little longer to read.
Your flesh is heat resistant. (rF+)
You are frail. (-10% HP)
You occasionally shout uncontrollably at your foes.
You are occasionally teleported next to monsters.


Message History

The water moccasin hisses angrily.
A crocodile comes into view.
Found four items.
There is a stone staircase leading down here.
There are monsters nearby!
Casting: Ozocubu's Armour
Confirm with . or Enter, or press ? or * to list all spells.
A chill wind blows around you.
Unknown command.
Casting: Summon Ice Beast
Confirm with . or Enter, or press ? or * to list all spells.
A chill wind blows around you. The crocodile completely misses you.
You riposte.
You hit the crocodile. You burn the crocodile.
The crocodile is moderately wounded.
Your ice beast hits the crocodile but does no damage.
Unknown command.
Casting: Summon Ice Beast
Confirm with . or Enter, or press ? or * to list all spells.
A chill wind blows around you. The crocodile bites you!
You die...

#.l...†.......##
#.##...#F..#P.P##
#..##.Yl#....##### .##
##.###............
(.## ##.#
###....##..#. ....#
#P.# ##......#..
##..##..## ##.>......
#.#.......Y###
######...
P......S@....# #P#.
..?....>t...## #####.
..#.....Y.Y## ##.♣...
#.....$..# #.....#
#........... #♣.<.♣#
#..!..........#
#.....#
#.#........#...
...#...## #
##..##..###..###.##+##
### ### ## #


You could see a water moccasin, a crocodile and 3 friendly ice beasts.

Vanquished Creatures
  Erica (D:8)
  A deep elf mage (D:8)
  A spiny frog (Lair:3)
  2 rime drakes
  2 hippogriffs
  A spriggan (D:7)
  A wyvern (Lair:1)
  A hungry ghost (D:7)
  Menkaure (D:4)
  Duvessa (D:4)
  5 water moccasins
  A floating eye (shapeshifter) (D:8)
  3 porcupines
  An ice beast (D:9)
  3 orc warriors
  2 sky beasts
  A necrophage (D:10)
  5 ogres
  3 wolves
  3 centaurs
  2 crocodiles (Lair:2)
  2 bullfrogs (D:6)
  A wyvern zombie (D:7)
  Dowan (D:4)
  A wyvern skeleton (D:9)
  A scorpion (D:10)
  5 killer bees (D:10)
  3 howler monkeys
  4 crimson imps
  A centaur zombie (D:6)
  3 jellies
  A bullfrog zombie (D:5)
  8 hounds
  3 bullfrog skeletons
  5 orc priests
  2 iguanas
  4 orc wizards
  6 worker ants
  A hound zombie (D:6)
  A hound skeleton (D:4)
  A worker ant zombie (D:8)
  2 howler monkey skeletons
  10 gnolls
  22 adders
  3 shadow imps
  An ooze (D:6)
  2 adder skeletons
  4 worms
  2 dart slugs (D:1)
  4 leopard geckos
  24 orcs
  6 giant cockroaches
  8 goblins
  7 hobgoblins
  10 jackals
  11 kobolds
  3 quokkas
  A ball python (D:5)
  8 bats
  6 frilled lizards
  A jackal skeleton (D:4)
  A leopard gecko skeleton (D:9)
  A quokka skeleton (D:9)
  7 rats
239 creatures vanquished.

Vanquished Creatures (collateral kills)
  The ghost of w0lly the Basher, a novice DsBe of Trog (D:9)
  2 spiny frogs (Lair:1)
  3 komodo dragons
  A porcupine (Lair:1)
  An ice beast (D:6)
  An ogre (D:4)
  A wolf (Lair:3)
  A crimson imp (D:7)
11 creatures vanquished.

Vanquished Creatures (others)
  2 fungi
  3 plants
5 creatures vanquished.

Grand Total: 255 creatures vanquished

Notes
Turn   | Place    | Note
-------+----------+-------------------------------------------
     0 | D:1      | inc the Octopode Ice Elementalist began the quest for the Orb.
     0 | D:1      | Reached XP level 1. HP: 11/11 MP: 3/3
    83 | D:1      | Reached XP level 2. HP: 17/17 MP: 1/5
  1110 | D:1      | Reached XP level 3. HP: 21/21 MP: 6/6
  2014 | D:2      | Reached XP level 4. HP: 18/27 MP: 2/7
  2121 | D:2      | Reached skill level 5 in Ice Magic
  2710 | D:2      | Reached XP level 5. HP: 16/31 MP: 0/8
  3150 | D:3      | Found a snail-covered altar of Cheibriados.
  3222 | D:3      | Found a deep blue altar of Sif Muna.
  3461 | D:3      | Learned a level 3 spell: Ozocubu's Armour
  4252 | D:4      | Reached skill level 1 in Charms
  4268 | D:4      | Got a shimmering bronze amulet
  4272 | D:4      | Identified the amulet "Qeofucs" {Faith Str+4} (You found it on level 4 of the Dungeon)
  4280 | D:4      | Noticed Menkaure
  4405 | D:4      | Noticed an ogre
  4448 | D:4      | Noticed Duvessa
  4448 | D:4      | Noticed Dowan
  4532 | D:4      | Found a staircase to the Ecumenical Temple.
  4578 | D:5      | Entered Level 5 of the Dungeon
  4773 | D:5      | Found a burning altar of Makhleb.
  4773 | D:5      | Noticed a blizzard demon
  4806 | D:5      | HP: 1/31 [bullfrog skeleton (2)]
  4807 | D:5      | Reached XP level 6. HP: 2/36 MP: 5/9
  5568 | Temple   | Entered the Ecumenical Temple
  5677 | Temple   | Became a worshipper of Xom of Chaos
  5800 | D:5      | Reached skill level 1 in Fighting
  5853 | D:5      | XOM: harmless Necr miscast
  5876 | D:5      | XOM: harmless Tloc miscast
  6039 | D:5      | Reached XP level 7. HP: 40/43 MP: 7/10
  6117 | D:5      | XOM: silly message
  6298 | D:4      | XOM: divination: magic mapping
  6312 | D:4      | XOM: harmless Tmut miscast
  6318 | D:4      | XOM: cast spell 'Summon Ice Beast'
  6328 | D:4      | XOM: cast spell 'Call Canine Familiar'
  6360 | D:4      | XOM: potion effect (haste)
  6370 | D:4      | XOM: potion effect (heal wounds)
  6374 | D:4      | Killed Duvessa
  6393 | D:4      | Killed Dowan
  6472 | D:4      | XOM: scenery: 1 doors open
  6476 | D:4      | XOM: god gift: 20 stones
  6483 | D:4      | XOM: summons friendly white imp
  6486 | D:4      | XOM: smoke on damage
  6487 | D:4      | XOM: 2-stop teleportation journey
  6718 | D:4      | XOM: give mutation
  6718 | D:4      | Gained mutation: Your muscles are strong. (Str +2) [Xom's grace]
  6749 | D:4      | XOM: cloud trail
  6774 | D:4      | XOM: divination: magic mapping
  6811 | D:4      | Killed Menkaure
  6811 | D:4      | Reached skill level 5 in Fighting
  6811 | D:4      | Reached XP level 8. HP: 37/56 MP: 8/11
  6857 | D:4      | Found an ancient bone altar of Kikubaaqudgha.
  6857 | D:4      | Found a bloodstained altar of Trog.
  6857 | D:4      | Found a shadowy altar of Dithmenos.
  6857 | D:4      | Found an iron altar of Okawaru.
  6860 | D:4      | Found a stormy altar of Qazlal.
  6862 | D:4      | Found a sacrificial altar of Ru.
  7069 | D:6      | Learned a level 4 spell: Summon Ice Beast
  7094 | D:6      | Reached skill level 1 in Summonings
  7281 | D:6      | XOM: cast spell 'Summon Hydra'
  7321 | D:6      | Found a shimmering altar of Xom.
  7433 | D:6      | Found a sparkling altar of Nemelex Xobeh.
  7554 | D:6      | XOM: cleaving
  7558 | D:6      | Reached skill level 5 in Summonings
  7609 | D:6      | XOM: give mutations
  7609 | D:6      | Gained mutation: You are agile. (Dex +2) [Xom's grace]
  7609 | D:6      | Gained mutation: You are robust. (+10% HP) [Xom's grace]
  7609 | D:6      | Gained mutation: Your flesh is heat resistant. (rF+) [Xom's grace]
  7609 | D:6      | Gained mutation: One of your tentacles bears a spike. [Xom's grace]
  7693 | D:6      | XOM: confuse monster(s)
  7705 | D:6      | Reached XP level 9. HP: 62/68 MP: 4/12
  7976 | D:7      | XOM: scenery: create altars
  8103 | D:7      | XOM: scenery: 1 doors close
  8107 | D:7      | Noticed a sixfirhy
  8108 | D:7      | Found a runed door.
  8144 | D:7      | XOM: scenery: 2 doors close
  8274 | D:7      | XOM: noise
  8305 | D:7      | XOM: harmless Pois miscast
  8311 | D:7      | Learned a level 4 spell: Throw Icicle
  8322 | D:7      | XOM: enchant monster (bad)
  8329 | D:7      | XOM: swap monsters
  8483 | D:7      | Found a basalt altar of Yredelemnul.
  8571 | D:7      | XOM: medium Tloc miscast
  8602 | D:7      | XOM: harmless Erth miscast
  8608 | D:7      | XOM: summons friendly white imp
  8661 | D:7      | XOM: harmless Conj miscast
  8692 | D:7      | Found a shattered altar of Ashenzari.
  8754 | D:7      | Found a deep blue altar of Sif Muna.
  8922 | D:7      | XOM is BORED!
  8922 | D:7      | XOM: noise
  9119 | D:8      | Found Citeilearr's Assorted Antiques.
  9121 | D:8      | Noticed Erica
  9159 | D:8      | XOM: enchant monster (bad)
  9160 | D:8      | Noticed a spiny frog
  9160 | D:8      | a soldier ant changed into a spiny frog
  9160 | D:8      | XOM: polymorph soldier ant -> spiny frog
  9160 | D:8      | Noticed a komodo dragon
  9160 | D:8      | a spiny frog changed into a komodo dragon
  9163 | D:8      | XOM: confuse monster(s)
  9164 | D:8      | Noticed a cyclops
  9164 | D:8      | a komodo dragon changed into a cyclops
  9165 | D:8      | a cyclops changed into a redback
  9166 | D:8      | Noticed a moth of wrath
  9166 | D:8      | a redback changed into a moth of wrath
  9171 | D:8      | Noticed a komodo dragon
  9171 | D:8      | a moth of wrath changed into a komodo dragon
  9177 | D:8      | Noticed an unseen horror
  9177 | D:8      | a komodo dragon changed into an unseen horror
  9185 | D:8      | Noticed a wind drake
  9185 | D:8      | an unseen horror changed into a wind drake
  9186 | D:8      | XOM: cast spell 'Summon Butterflies'
  9189 | D:8      | XOM: noise
  9189 | D:8      | Noticed a salamander
  9189 | D:8      | a wind drake changed into a salamander
  9192 | D:8      | Noticed a death drake
  9192 | D:8      | a salamander changed into a death drake
  9198 | D:8      | Noticed a swamp dragon
  9198 | D:8      | a tarantella changed into a swamp dragon
  9275 | D:8      | XOM: harmless Pois miscast
  9285 | D:8      | XOM: enchant monster (good)
  9291 | D:8      | Reached skill level 5 in Conjurations
  9341 | D:8      | XOM: noise
  9434 | D:8      | XOM: harmless Hex miscast
  9579 | D:8      | Noticed a deep elf mage
  9579 | D:8      | XOM: confusion (+ monsters)
  9588 | D:8      | XOM: enchant monster (bad)
  9594 | D:8      | Killed a deep elf mage
  9594 | D:8      | Reached XP level 10. HP: 75/75 MP: 13/15
  9713 | D:8      | XOM: medium Hex miscast
 10024 | D:8      | XOM: enchant monster (good)
 10038 | D:8      | XOM: enchant monster (good)
 10049 | D:8      | XOM: summons friendly iron imp
 10055 | D:8      | Killed Erica
 10560 | D:8      | Noticed a salamander
 10560 | D:8      | a meliai changed into a salamander
 10567 | D:8      | a salamander changed into a floating eye
 10732 | D:9      | XOM: confusion (+ monsters)
 10741 | D:9      | XOM: divination: detect creatures
 10755 | D:9      | Noticed w0lly's ghost (novice DsBe)
 10760 | D:9      | XOM: confuse monster(s)
 10769 | D:9      | XOM: enchant monster (bad)
 10774 | D:9      | XOM: confuse monster(s)
 11102 | D:9      | XOM: fog
 11299 | D:9      | XOM: 4-stop teleportation journey
 11301 | D:9      | XOM: harmless Pois miscast
 11307 | D:9      | XOM: divination: magic mapping
 11309 | D:9      | XOM: medium Conj miscast
 11310 | D:9      | XOM: mild Summ miscast
 11310 | D:9      | HP: 2/75 [komodo dragon (23)]
 11689 | D:9      | XOM: butterfly on damage
 11823 | D:8      | XOM: harmless Conj miscast
 12022 | D:9      | XOM: cast spell 'Summon Dragon'
 12031 | D:9      | Killed w0lly's ghost
 12051 | D:9      | Found a staircase to the Lair.
 12115 | D:9      | XOM: severe Necr miscast
 12116 | D:9      | Noticed a soul eater
 12126 | D:9      | XOM: scenery: create altars
 12369 | D:9      | Found a hide-covered altar of Uskayaw.
 12489 | D:9      | Found a sparkling altar of Nemelex Xobeh.
 12590 | D:9      | XOM is BORED!
 12602 | D:10     | Entered Level 10 of the Dungeon
 12616 | D:10     | Noticed a seven-headed hydra
 12641 | D:10     | XOM: harmless Tloc miscast
 12675 | D:10     | XOM: stat loss: -1 Dex (13/14)
 12708 | D:10     | XOM: harmless Necr miscast
 12731 | D:10     | XOM: give mutation
 12731 | D:10     | Gained mutation: You are very agile. (Dex +4) [Xom's mischief]
 12834 | D:10     | Found a staircase to the Orcish Mines.
 12837 | D:10     | XOM: noise
 13043 | D:10     | XOM: enchant monster (bad)
 13045 | D:10     | Found a roughly hewn altar of Beogh.
 13461 | D:10     | XOM: medium Summ miscast
 13466 | D:11     | Noticed an unseen horror
 13466 | D:11     | Noticed a stone giant
 13466 | D:11     | Noticed a two-headed ogre
 13511 | Lair:1   | Entered Level 1 of the Lair of Beasts
 13643 | D:9      | XOM: harmless Necr miscast
 13829 | D:9      | XOM: give mutations
 13829 | D:9      | Lost mutation: One of your tentacles bears a spike. [Xom's mischief]
 13829 | D:9      | Lost mutation: You are robust. (+10% HP) [Xom's mischief]
 13829 | D:9      | Lost mutation: Your muscles are strong. (Str +2) [Xom's mischief]
 13829 | D:9      | Gained mutation: Scrolls take you a little longer to read. [Xom's mischief]
 14328 | Lair:1   | Reached XP level 11. HP: 70/74 MP: 14/17
 14502 | Lair:1   | XOM: medium Air miscast
 14505 | Lair:1   | XOM: fog
 14515 | Lair:1   | XOM: mild Air miscast
 14524 | Lair:1   | Reached skill level 5 in Spellcasting
 14894 | Lair:3   | Found a runed door.
 14910 | Lair:3   | XOM: summons 1 hostile demon
 14945 | Lair:3   | XOM: summons friendly crimson imp
 14954 | Lair:3   | Noticed a six-headed hydra
 14955 | Lair:3   | XOM: 1-stop teleportation journey
 15367 | Lair:2   | XOM: medium Conj miscast
 15425 | Lair:2   | Got a brightly glowing short sword
 15426 | Lair:2   | Identified the +8 short sword of Ru's Approval {pierce, rC- Dex+4} (You found it on level 2 of the Lair of Beasts)
 15558 | Lair:2   | XOM: 1-stop teleportation journey
 15715 | Lair:4   | XOM: give mutation
 15715 | Lair:4   | Lost mutation: You are very agile. (Dex +4) [Xom's mischief]
 15842 | Lair:4   | XOM: mild Chrm miscast
 15960 | Lair:4   | XOM: medium Tmut miscast
 15968 | Lair:4   | Gained mutation: You occasionally shout uncontrollably at your foes. [mutagenic glow]
 15979 | Lair:4   | Noticed a catoblepas
 15981 | Lair:4   | XOM: enchant monster (good)
 15998 | Lair:5   | XOM: polymorph bullfrog -> porcupine
 15998 | Lair:5   | Gained mutation: You are occasionally teleported next to monsters. [mutagenic glow]
 16000 | Lair:5   | Noticed salinator123's ghost (journeyman DrFi)
 16012 | Lair:5   | XOM: summons friendly ufetubus
 16028 | Lair:5   | Gained mutation: You are frail. (-10% HP) [mutagenic glow]
 16058 | Lair:5   | XOM: mild Tmut miscast
 16060 | Lair:5   | XOM: smoke on damage
 16069 | Lair:5   | Found a staircase to the Slime Pits.
 16077 | Lair:4   | Slain by a crocodile

Skill      XL: |  1  2  3  4  5  6  7  8  9 10 11 |
---------------+----------------------------------+-----
Ice Magic      | 4 5 8 |  8.7
Charms         | 2 4 |  4.3
Fighting       | 1 5 6 |  6.6
Summonings     | 6 7 |  7.0
Spellcasting   | 3 4 7 |  7.2
Conjurations   | 7 8 |  8.3
Dodging        | |  2.0
Stealth        | |  2.6

Action                   |  1- 3 |  4- 6 |  7- 9 | 10-12 || total
-------------------------+-------+-------+-------+-------++-------
Melee: Unarmed           |     5 |       |       |       ||     5
       Constrict         |    12 |    23 |    46 |    30 ||   111
       Tentacles         |     6 |    12 |    44 |    28 ||    90
       Short sword       |    27 |       |       |       ||    27
       Dagger            |     7 |    96 |   169 |    13 ||   285
       Kick              |       |       |    34 |    36 ||    70
       Scimitar          |       |       |       |   107 ||   107
 Cast: Freeze            |    30 |    60 |    87 |    93 ||   270
       Ozocubu's Armour  |       |     6 |    23 |    28 ||    57
       Throw Icicle      |       |       |     3 |     7 ||    10
       Summon Ice Beast  |       |       |       |    23 ||    23
  Use: Scroll            |       |     7 |       |    24 ||    31
       Potion            |       |       |       |     8 ||     8
 Stab: Sleeping          |    10 |     9 |    13 |     4 ||    36
       Distracted        |       |       |       |     2 ||     2
       Petrified         |       |       |       |     2 ||     2
       Confused          |       |       |       |     1 ||     1
  Eat: Chunk             |     4 |     8 |    11 |    11 ||    34
       Ration            |       |     2 |     2 |     5 ||     9
Armor: Skin              |     9 |    11 |    38 |    86 ||   144
Dodge: Dodged            |    32 |    77 |   132 |   168 ||   409
       Rpst.: Scimitar   |       |       |       |    52 ||    52
